Map: Avalon Labs

Players

Blubbel

  • Race: Terran Terran
  • League: Silver

zod

  • Race: Protoss Protoss
  • League: Silver

MasteroP

  • Race: Zerg Zerg

LiQ

  • Race: Zerg Zerg

bernd

  • Race: Protoss Protoss

Herzog

  • Race: Terran Terran

VOD

Have the link to the VOD?

Description

Time

  • Played on: Jan. 10, 2016, 9:42 a.m.
  • Length: 9:39
Show
View Real Time Build Order
Export as new Build Order

Blubbel Terran 

Build Orders:  

Get SALT Encoding   

  12  0:03  SCV  
  13  0:15  SCV  
  13  0:19  Supply Depot  
  14  0:27  SCV  
  15  0:31  Refinery  
  15  0:40  SCV  
  16  0:46  Barracks  
  16  1:06  SCV  
  17  1:18  SCV  
  17  1:19  Refinery  
  18  1:33  Marine  
  18  1:34  Supply Depot  
  18  1:39  SCV  
  20  1:48  Factory  
  20  1:53  SCV  
  21  1:59  Marine  
  22  2:05  SCV  
  23  2:14  Bunker  
  23  2:19  SCV  
  23  2:22  Marine  
  25  2:31  SCV  
  26  2:37  Starport  
  26  2:39  Widow Mine  
  26  2:40  Marine  
  29  2:45  SCV  
  30  3:06  Marine  
  31  3:13  Supply Depot  
  31  3:20  Supply Depot  
  31  3:23  Engineering Bay  
  31  3:34  Widow Mine  
  31  3:35  Medivac, Orbital Command, Marine  
  36  4:00  Marine  
  37  4:18  Marine  
  37  4:19  Command Center  
  37  4:21  SCV  
  39  4:29  Missile Turret  
  39  4:36  Engineering Bay  
  39  4:39  Terran Infantry Weapons Level 1  
  29  5:16  SCV  
  30  5:22  Barracks, Starport Reactor  
  30  5:25  Factory Reactor  
  30  5:28  SCV  
  30  5:33  Orbital Command  
  30  5:34  Missile Turret  
  31  5:40  SCV  
  31  5:41  Missile Turret  
  32  5:49  Terran Infantry Armor Level 1  
  32  5:52  SCV  
  33  5:58  Armory  
  33  6:05  SCV  
  33  6:09  Viking  
  36  6:17  SCV, Missile Turret  
  37  6:33  Barracks  
  37  6:38  Barracks  
  37  6:46  Terran Infantry Weapons Level 2  
  37  6:52  Barracks Tech Lab  
  37  6:54  Barracks Reactor  
  37  6:55  Barracks  
  33  7:17  SCV  
  33  7:20  SCV  
  35  7:27  Barracks Tech Lab  
  35  7:29  SCV, Barracks Reactor  
  36  7:31  Marine x2  
  36  7:32  SCV  
  36  7:33  Barracks  
  39  7:39  Missile Turret  
  39  7:41  SCV  
  40  7:49  Marine x2  
  42  7:52  Barracks Reactor  
  42  7:53  SCV  
  42  7:55  Marauder x2  
  47  8:05  Combat Shields, SCV  
  48  8:06  Marine  
  48  8:07  Marine  
  50  8:13  Liberator  
  50  8:16  Marauder  
  50  8:17  SCV, Marauder  
  55  8:24  Marine x2  
  55  8:25  Liberator  
  57  8:29  SCV  
  61  8:37  Marine  
  61  8:39  Supply Depot  
  62  8:42  Supply Depot, SCV, Marine x2  
  62  8:43  Supply Depot  
  68  8:55  SCV  
  59  9:13  Marine x2  
  59  9:14  Marine x4  
Show
View Real Time Build Order
Export as new Build Order

zod Protoss 

Build Orders: 1 Gate Expand, Oracle Opening 

Get SALT Encoding   

  12  0:02  Probe (Chrono Boost)  
  13  0:12  Probe (Chrono Boost)  
  14  0:20  Pylon  
  14  0:27  Probe (Chrono Boost)  
  15  0:38  Gateway  
  15  0:40  Probe (Chrono Boost)  
  17  0:57  Probe (Chrono Boost)  
  17  0:59  Assimilator  
  17  1:19  Nexus  
  17  1:30  Cybernetics Core  
  17  1:35  Assimilator  
  18  1:40  Probe (Chrono Boost)  
  18  1:50  Probe (Chrono Boost)  
  19  1:59  Gateway  
  19  2:03  Pylon  
  19  2:21  Probe (Chrono Boost)  
  20  2:30  Stargate  
  20  2:32  Pylon  
  20  2:37  Pylon  
  20  2:38  Probe (Chrono Boost)  
  21  2:50  Mothership Core (Chrono Boost)  
  23  2:54  Probe (Chrono Boost)  
  23  3:04  Probe (Chrono Boost)  
  24  3:09  Probe (Chrono Boost), Warp Gate  
  25  3:17  Probe (Chrono Boost)  
  25  3:19  Probe (Chrono Boost)  
  27  3:25  Pylon  
  28  3:34  Probe (Chrono Boost)  
  28  3:38  Pylon  
  28  3:40  Oracle (Chrono Boost)  
  31  3:48  Probe x2  
  33  4:10  Fleet Beacon, Assimilator  
  33  4:15  Assimilator  
  33  4:20  Probe x2  
  35  4:32  Probe x2  
  37  4:39  Forge  
  37  4:42  Adept  
  37  4:44  Probe x2  
  41  4:50  Oracle (Chrono Boost)  
  43  5:21  Phoenix (Chrono Boost)  
  43  5:32  Stargate  
  43  5:35  Probe x2  
  45  5:36  Protoss Air Weapons Level 1  
  45  5:47  Probe x2  
  45  5:49  Protoss Shields Level 1  
  47  6:01  Probe x2  
  49  6:06  Photon Cannon  
  49  6:11  Twilight Council  
  49  6:15  Photon Cannon  
  49  6:21  Tempest (Chrono Boost)  
  54  6:25  Probe x2  
  55  6:34  Nexus  
  55  6:37  Probe, Assimilator  
  56  6:41  Assimilator  
  56  6:58  Tempest (Chrono Boost)  
  64  7:04  Tempest (Chrono Boost)  
  64  7:09  Pylon  
  64  7:13  Pylon  
  64  7:22  Pylon  
  64  7:25  Pylon  
  64  7:35  Stargate  
  64  7:36  Tempest (Chrono Boost)  
  68  7:37  Pylon  
  68  7:40  Pylon  
  68  7:45  Probe  
  67  7:56  Probe  
  67  7:57  Photon Cannon  
  68  7:58  Photon Cannon  
  68  8:00  Photon Cannon  
  68  8:07  Probe  
  69  8:17  Probe  
  70  8:28  Probe  
  70  8:31  Tempest (Chrono Boost)  
  79  8:38  Probe, Tempest (Chrono Boost)  
  80  8:42  Pylon  
  80  8:48  Nexus  
  80  8:49  Probe  
  78  8:59  Probe  
  79  9:10  Probe  
  79  9:11  Stalker  
  79  9:12  Stalker  
  64  9:20  Probe  
Show
View Real Time Build Order
Export as new Build Order

MasteroP Zerg 

Build Orders: Pool First 

Get SALT Encoding   

  12  0:01  Drone  
  13  0:12  Overlord  
  13  0:18  Drone  
  14  0:30  Drone  
  14  0:31  Drone  
  14  0:34  Drone  
  17  0:48  Spawning Pool  
  17  0:50  Drone  
  17  0:57  Drone, Extractor  
  17  1:07  Drone  
  18  1:18  Drone  
  19  1:28  Hatchery, Drone  
  19  1:34  Queen  
  19  1:39  Drone  
  22  1:52  Drone, Extractor  
  22  2:10  Overlord  
  22  2:19  Roach Warren  
  22  2:20  Drone  
  22  2:29  Drone  
  23  2:33  Drone  
  24  2:45  Drone x2  
  26  2:52  Queen  
  28  2:58  Drone x2  
  28  3:00  Hatchery  
  28  3:04  Drone  
  28  3:05  Drone  
  31  3:16  Lair  
  31  3:21  Drone  
  31  3:25  Overlord  
  32  3:28  Drone  
  32  3:32  Drone  
  32  3:33  Drone  
  35  3:37  Drone  
  36  3:43  Overlord  
  36  3:45  Drone  
  37  3:52  Drone x3  
  40  3:56  Extractor  
  40  3:57  Overlord  
  40  3:59  Extractor  
  38  4:06  Drone x3  
  41  4:14  Drone, Queen  
  44  4:19  Glial Reconstitution  
  44  4:25  Evolution Chamber  
  44  4:28  Evolution Chamber  
  42  4:34  Drone x3  
  42  4:35  Drone x3  
  48  4:46  Roach x3  
  48  4:51  Drone x2  
  56  5:00  Roach x2  
  56  5:01  Roach x2  
  56  5:04  Overlord  
  64  5:08  Zerg Missile Weapons Level 1  
  64  5:18  Hydralisk Den  
  63  5:24  Spore Crawler  
  63  5:27  Spore Crawler  
  61  5:36  Spore Crawler  
  61  5:41  Spore Crawler  
  59  5:44  Spore Crawler  
  59  5:47  Spore Crawler  
  59  5:49  Spore Crawler  
  56  5:55  Drone x5  
  61  6:00  Hydralisk x3  
  61  6:01  Hydralisk x2  
  71  6:09  Muscular Augments  
  71  6:12  Overlord  
  71  6:16  Overlord  
  71  6:21  Hydralisk  
  71  6:25  Drone  
  74  6:36  Hydralisk x4  
  82  6:42  Drone x3  
  85  6:50  Hydralisk x2  
  89  7:02  Zerg Ground Armor Level 1  
  89  7:03  Zerg Missile Weapons Level 2  
  89  7:14  Overlord x3  
  89  7:21  Overlord  
  89  7:26  Overseer  
  89  7:27  Overseer  
  89  7:31  Lurker Den  
  89  7:34  Roach x4  
  89  7:35  Roach  
  89  7:36  Roach  
  101  7:42  Drone x3  
  104  7:56  Ravager x4  
  104  7:57  Ravager x4  
  112  8:00  Hydralisk x4  
  112  8:03  Overlord  
  120  8:14  Hydralisk  
  122  8:32  Roach  
  122  8:33  Roach x3  
  130  8:38  Overlord x3  
  114  8:59  Roach x6  
  114  9:00  Roach x8  
  114  9:01  Roach x3  
  100  9:15  Roach x6  
  100  9:17  Roach  
  100  9:18  Roach  
Show
View Real Time Build Order
Export as new Build Order

LiQ Zerg 

Build Orders: Hatch First 

Get SALT Encoding   

  12  0:01  Drone  
  13  0:08  Drone  
  14  0:17  Overlord  
  14  0:22  Extractor  
  14  0:23  Drone  
  15  0:36  Drone x2  
  17  0:46  Drone  
  18  0:58  Hatchery  
  18  1:02  Drone  
  18  1:07  Extractor  
  17  1:15  Spawning Pool  
  16  1:23  Drone  
  16  1:24  Drone  
  18  1:34  Drone  
  19  1:49  Drone x2  
  21  2:04  Spine Crawler  
  21  2:08  Roach Warren  
  19  2:10  Queen  
  19  2:11  Queen  
  19  2:15  Drone  
  24  2:20  Overlord  
  24  2:30  Zergling x6  
  27  2:38  Drone  
  28  2:45  Drone  
  28  2:48  Zergling x4  
  31  2:56  Roach x2  
  35  3:02  Lair  
  35  3:14  Overlord  
  35  3:15  Overlord  
  35  3:26  Drone  
  36  3:31  Drone, Extractor  
  36  3:34  Drone x3  
  39  3:40  Roach x3  
  45  3:54  Drone x2  
  47  3:56  Drone x2  
  47  3:57  Drone  
  50  4:03  Spine Crawler  
  50  4:06  Spore Crawler  
  50  4:09  Spore Crawler  
  47  4:15  Evolution Chamber  
  47  4:16  Evolution Chamber, Drone  
  46  4:18  Drone  
  47  4:30  Overlord x2  
  47  4:34  Drone x3  
  47  4:38  Drone  
  51  4:49  Zerg Missile Weapons Level 1, Zerg Ground Armor Level 1  
  51  4:51  Drone  
  52  4:59  Hydralisk Den  
  51  5:13  Drone x5, Extractor x2  
  51  5:14  Drone x3  
  57  5:30  Hydralisk x3  
  57  5:33  Hydralisk  
  57  5:35  Overlord  
  65  5:39  Overlord  
  65  6:02  Drone x4  
  69  6:34  Overlord x2  
  69  6:35  Hydralisk x8  
  83  6:54  Hydralisk x6  
  95  7:17  Hatchery  
  95  7:18  Overseer x2  
  95  7:21  Lurker Den  
  94  7:38  Hydralisk  
  94  7:39  Hydralisk  
  94  7:40  Overlord x2  
  94  7:41  Overlord x3  
  98  8:03  Hydralisk x5  
  108  8:27  Extractor  
  108  8:32  Extractor  
  106  8:37  Queen  
  106  8:39  Drone  
  108  9:00  Hydralisk x2  
  108  9:01  Hydralisk x6  
  124  9:03  Overlord x2  
  124  9:04  Overlord x2  
Show
View Real Time Build Order
Export as new Build Order

bernd Protoss 

Build Orders:  

Get SALT Encoding   

  12  0:01  Probe (Chrono Boost)  
  13  0:11  Probe (Chrono Boost)  
  14  0:18  Pylon  
  14  0:22  Probe (Chrono Boost)  
  15  0:36  Probe (Chrono Boost)  
  15  0:38  Gateway  
  16  0:46  Probe (Chrono Boost)  
  16  0:49  Assimilator  
  18  0:57  Probe (Chrono Boost)  
  18  1:07  Probe (Chrono Boost)  
  19  1:18  Probe (Chrono Boost)  
  20  1:29  Cybernetics Core  
  20  1:33  Probe (Chrono Boost), Pylon  
  20  1:35  Pylon  
  20  1:37  Assimilator  
  21  1:40  Zealot  
  23  2:12  Forge, Zealot  
  25  2:21  Probe (Chrono Boost)  
  26  2:29  Stargate  
  26  2:31  Pylon  
  26  2:32  Probe (Chrono Boost)  
  27  2:42  Probe (Chrono Boost)  
  28  2:49  Photon Cannon  
  28  2:56  Mothership Core (Chrono Boost)  
  30  3:11  Nexus  
  30  3:30  Void Ray  
  34  3:39  Probe (Chrono Boost)  
  35  3:43  Protoss Air Weapons Level 1  
  35  3:49  Probe (Chrono Boost)  
  36  4:03  Pylon  
  36  4:11  Probe (Chrono Boost)  
  36  4:12  Void Ray  
  41  4:24  Photon Cannon  
  41  4:27  Probe (Chrono Boost)  
  41  4:30  Probe (Chrono Boost)  
  43  4:37  Probe (Chrono Boost)  
  44  4:40  Probe (Chrono Boost)  
  45  4:46  Robotics Facility  
  43  5:10  Probe (Chrono Boost)  
  43  5:11  Probe (Chrono Boost)  
  43  5:12  Photon Cannon  
  45  5:19  Void Ray  
  45  5:21  Probe (Chrono Boost)  
  50  5:22  Probe (Chrono Boost)  
  51  5:28  Stargate  
  51  5:32  Zealot  
  53  5:38  Assimilator  
  53  5:39  Probe (Chrono Boost)  
  53  5:40  Probe (Chrono Boost)  
  56  5:50  Probe (Chrono Boost)  
  56  5:51  Probe (Chrono Boost)  
  56  5:53  Protoss Air Armor Level 1  
  57  6:01  Probe (Chrono Boost)  
  57  6:02  Probe (Chrono Boost)  
  59  6:13  Probe (Chrono Boost)  
  59  6:14  Void Ray  
  65  6:25  Observer  
  65  6:27  Probe (Chrono Boost)  
  65  6:28  Probe (Chrono Boost)  
  65  6:31  Assimilator  
  67  6:37  Probe (Chrono Boost)  
  67  6:39  Probe (Chrono Boost)  
  69  6:44  Gateway  
  69  6:45  Gateway  
  69  6:47  Gateway  
  69  7:04  Pylon  
  69  7:08  Pylon  
  69  7:11  Probe (Chrono Boost)  
  69  7:12  Pylon  
  70  7:19  Photon Cannon  
  70  7:22  Void Ray x2  
  78  7:26  Stalker  
  80  7:30  Fleet Beacon  
  80  7:57  Stalker x3  
  80  7:58  Stalker  
  88  8:07  Twilight Council  
  88  8:10  Void Ray  
  92  8:27  Zealot  
  94  8:34  Pylon  
  94  8:36  Pylon  
  94  8:47  Pylon  
  94  8:52  Zealot x3  
  100  8:56  Zealot  
Show
View Real Time Build Order
Export as new Build Order

Herzog Terran 

Build Orders: MMM Bio 

Get SALT Encoding   

  12  0:01  SCV  
  13  0:13  SCV  
  14  0:25  Supply Depot, SCV  
  15  0:41  Refinery  
  15  0:46  SCV  
  16  0:50  Barracks  
  16  0:58  SCV  
  17  1:10  SCV  
  18  1:23  SCV  
  19  1:36  Marine  
  19  1:37  Orbital Command  
  20  1:47  Command Center  
  20  1:54  Marine  
  21  2:11  SCV  
  22  2:16  Factory  
  22  2:20  Bunker  
  22  2:24  SCV  
  22  2:25  Barracks Reactor  
  23  2:36  Refinery  
  23  2:39  Engineering Bay  
  23  2:48  Supply Depot  
  23  2:58  SCV  
  23  2:59  Supply Depot  
  24  3:07  Barracks  
  24  3:09  Barracks  
  24  3:11  Factory Tech Lab  
  24  3:15  SCV  
  24  3:18  Orbital Command  
  25  3:26  Marine x2  
  27  3:29  SCV  
  28  3:36  Missile Turret  
  28  3:40  Siege Tank  
  31  3:47  SCV x2  
  33  3:54  Barracks Tech Lab  
  33  3:56  Barracks Tech Lab  
  33  4:01  Starport  
  33  4:03  SCV x2  
  33  4:07  Missile Turret  
  35  4:21  Siege Tank  
  35  4:22  Marine x4  
  42  4:24  SCV  
  42  4:25  SCV  
  44  4:38  Starport Reactor  
  44  4:46  SCV  
  44  4:47  SCV  
  44  4:49  Refinery  
  44  4:51  Refinery, Marine x4  
  50  4:58  Barracks  
  50  4:59  SCV  
  51  5:00  Barracks  
  51  5:01  SCV  
  51  5:02  Barracks  
  52  5:22  Stimpack  
  52  5:23  Combat Shields  
  52  5:25  Marine x2  
  54  5:35  Supply Depot  
  54  5:37  Supply Depot  
  54  5:38  Supply Depot  
  54  5:41  Terran Infantry Weapons Level 1  
  54  5:52  Barracks Reactor x2  
  54  5:53  Barracks Tech Lab  
  54  5:56  SCV x2, Marine x4  
  60  6:02  Medivac  
  60  6:03  Medivac  
  64  6:09  SCV x2  
  66  6:14  Marine x4  
  66  6:18  Supply Depot  
  70  6:20  Supply Depot, Concussive Shells  
  70  6:31  SCV  
  70  6:32  SCV, Medivac  
  74  6:33  Medivac  
  76  6:58  Marauder x3  
  76  6:59  Liberator, Marine x4  
  76  7:00  Marine x2  
  88  7:01  Siege Tank  
  94  7:26  Supply Depot  
  94  7:27  Supply Depot  
  94  7:28  Supply Depot  
  94  7:31  Liberator  
  94  7:40  Terran Infantry Armor Level 1  
  94  7:48  SCV x2  
  99  7:55  Engineering Bay  
  99  7:57  Armory  
  99  7:59  Supply Depot  
  99  8:01  Supply Depot x2, Marine x3  
  99  8:02  Marine x3  
  99  8:03  Marauder x3  
  99  8:04  Siege Tank  
  114  8:05  Medivac  
  116  8:20  Marine x4  
  116  8:21  Marine  
  116  8:22  Marine  
  116  8:25  Marauder x3  
Tags
 
Add a new tag
Caveats
  • Supply blocks, unpowered buildings, or Contaminate may cause inaccurate times.
  • Supply counts are checked every 10 seconds.